 Dungeon Crawl Stone Soup version 0.15-a0-1675-g4580af5 (webtiles) character file.

33695 Impoz the Markself (level 13, -15/90 HPs)
             Began as a High Elf Hunter on June 24, 2014.
             Was a High Priest of Qazlal.
             Killed themself with a badly aimed bolt of fire (16 damage)
             ... on Level 1 of the Lair of Beasts.
             The game lasted 02:40:25 (21381 turns).

Impoz the Markself (High Elf Hunter)               Turns: 21381, Time: 02:40:25

HP -15/90        AC  9     Str 11      XL: 13   Next: 38%
MP  28/28        EV 21     Int 18      God: Qazlal [*****.]
Gold 1436        SH  7     Dex 19      Spells:  1 memorised, 11 levels left

rFire  . . .     SeeInvis .     d - +2 claymore "Gheudu" {slice, rC+ Stlth+}
rCold  + + +     Clarity  .     x - +1 robe {rC+}
rNeg   . . .     rCorr    .     (no shield)
rPois  .         rRot     .     F - +0 helmet
rElec  .         Spirit   .     N - +0 cloak
SustAb .         Warding  .     c - +0 pair of gloves
rMut   .         Stasis   .     (no boots)
Gourm  .                        (no amulet)
MR     +....                    z - ring of flight
                                k - ring of protection from cold

@: lethally poisoned, protected from physical damage, very slightly
contaminated, repel missiles, somewhat resistant to hostile enchantments, very
unstealthy
A: no striking features
a: Upheaval, Elemental Force, Disaster Area, Renounce Religion, Evoke Flight


You were on level 1 of the Lair of Beasts.
You worshipped Qazlal.
Qazlal was extremely pleased with you.
You were not hungry.

You visited 4 branches of the dungeon, and saw 18 of its levels.

You collected 1537 gold pieces.
You spent 101 gold pieces at shops.

Inventory:

Hand weapons
 d - the +2 claymore "Gheudu" (weapon) {slice, rC+ Stlth+}
   (You acquired it on level 1 of the Lair of Beasts)

   It inflicts extra damage upon your enemies.
   It protects you from cold.
   It makes you more stealthy.
 w - a +0 longbow
 M - a +2 shortbow of freezing
 O - a +3 shortbow of flaming
 X - a +2 great sword
Missiles
 u - 6 poisoned arrows
 H - 14 arrows
 V - 6 arrows of flame
Armour
 c - a +0 pair of gloves (worn)
 x - a +1 robe of cold resistance (worn)
 D - a +2 buckler
 F - a +0 helmet (worn)
 N - a +0 cloak (worn)
Magical devices
 b - a wand of slowing (2)
 n - a wand of cold (6)
 B - a wand of random effects (3) {unknown}
 C - a wand of digging (14)
 L - a wand of paralysis (8)
 R - a wand of draining (4)
 Y - a wand of disintegration (14)
Comestibles
 a - 2 bread rations
 q - 30 fruits
 s - 4 meat rations
 t - 2 slices of pizza
Scrolls
 j - 2 scrolls of recharging
 o - a scroll of identify
 p - 6 scrolls of remove curse
 r - 2 scrolls of enchant armour
 v - 2 scrolls of enchant weapon
 y - a scroll of teleportation
 A - a scroll of fog
Jewellery
 k - a ring of protection from cold (left hand)
 z - a ring of flight (right hand)
 E - an uncursed ring of protection from cold
Potions
 f - a potion of confusion {unknown}
 g - a potion of restore abilities {unknown}
 h - a potion of might
 i - a potion of agility {unknown}
 m - 3 potions of flight
 G - a potion of haste
 I - a potion of paralysis {unknown}
 J - a potion of mutation {unknown}
 K - a potion of magic
 P - a potion of lignification {unknown}
 S - a potion of brilliance {unknown}
Books
 Q - a book of Death

   Spells                             Type                      Level
   Corpse Rot                         Necromancy                   2
   Sublimation of Blood               Necromancy                   2
   Agony                              Necromancy                   5
   Dispel Undead                      Necromancy                   5
   Excruciating Wounds                Charms/Necromancy            5
   Bolt of Draining                   Conjuration/Necromancy       5
 T - a book of Beasts

   Spells                             Type                      Level
   *Summon Butterflies                Summoning                    1
   Call Canine Familiar               Summoning                    3
   Summon Ice Beast                   Ice/Summoning                4
   Summon Mana Viper                  Hexes/Summoning              5
   Monstrous Menagerie                Summoning                    6
   Summon Hydra                       Summoning                    7
 W - a book of Geomancy

   Spells                             Type                      Level
   Sandblast                          Earth                        1
   Stoneskin                          Transmutation/Earth          2
   Passwall                           Transmutation/Earth          3
   Stone Arrow                        Conjuration/Earth            3
   Petrify                            Transmutation/Earth          4
   Lee's Rapid Deconstruction         Earth                        5
Magical staves
 U - an uncursed staff of poison {unknown}
 Z - an uncursed staff of cold


   Skills:
 - Level 9.0 Fighting
 - Level 7.0 Long Blades
 - Level 20.0 Bows
 * Level 10.8 Dodging
 - Level 1.1 Stealth
 + Level 8.4 Invocations


You had 11 spell levels left.
You knew the following spells:

 Your Spells              Type           Power        Failure   Level  Hunger
a - Summon Butterflies    Summ           #.......     21%         1    ##.....


Dungeon Overview and Level Annotations

Branches:
Dungeon (11/15)            Temple (1/1) D:5             Orc (4/4) D:10
    Elf (0/3) Orc:3          Lair (2/8) D:11

Altars:
Ashenzari
Cheibriados
Dithmenos
Elyvilon
Fedhas
Gozag
Kikubaaqudgha
Makhleb
Nemelex Xobeh
Okawaru
Qazlal
Sif Muna
Trog
Vehumet
Xom
Yredelemnul
Zin
The Shining One
Beogh

Shops:
D:7 *   D:10 *   Orc:2 (   Orc:4 ?=(

Annotations:
D:4 Liquorice's ghost, experienced MiBe
Lair:2 Nergalle


Message History

The wolf spider bites you.
* * * LOW HITPOINT WARNING * * *
You are lethally poisoned!
The wolf spider poisons you!
Drink which item? (? for menu, Esc to quit)
Okay, then.
Blink to where?
Press: ? - help, Dir - move target cursor
As you read the scroll of blinking, it crumbles to dust.
You are very lightly contaminated with residual magic.
* * * LOW HITPOINT WARNING * * *
You feel sick.
Drink which item? (? for menu, Esc to quit)
Okay, then.
Evoke which item? (* to show all) (? for menu, Esc to quit)
Zapping:
B - a long fluorescent wand
Press: ? - help, Shift-Dir - straight line, f - you Really target yourself?
The bolt of fire hits you!
You die...

...........# #8.§§8# #....##
.......)§..# #.§s..# #.....#
...........# ##...## #....##
.......##.### ##.+### ####..#
.....#......###.....###.....##
####...#..##.#%....#.#..###..###
# #.......§...#.§.(.........+.#
#.#...8.....#.8.#.....8.....## #
#.'.........#@....#...........
####.#....##...#.....#..##.......
)....##......##.....##......##...
###..############+######.%###....
###...# #....#.............
##....# #.....#............
.#P..## #8.8.8.............
....)# #.....#............
.....## ###.8..#..........§.


You could see a wolf spider.

Vanquished Creatures
  Fannar (Orc:1)
  A hydra (Lair:1)
  4 ogre magi
  An orc high priest (Orc:2)
  Urug (Orc:3)
  An unseen horror (D:11)
  Pikel (D:7)
  3 orc knights
  An orc sorcerer (Orc:2)
  Maurice (D:11)
  2 black mambas
  3 feature mimics
  A spiny frog (Lair:1)
  8 trolls
  A fire drake (Lair:1)
  A tengu conjurer (D:11)
  17 two-headed ogres
  Prince Ribbit (D:6)
  3 blink frogs (Lair:1)
  2 ravens (D:11)
  3 ugly things (D:11)
  A shadow (D:11)
  2 humans (D:7)
  9 hippogriffs
  A hungry ghost (D:11)
  8 wolves
  4 wargs
  A fire elemental (Orc:4)
  Menkaure (D:6)
  4 water moccasins
  2 porcupines (Lair:1)
  3 sky beasts
  4 phantoms
  A slave (D:7)
  3 black bears
  29 ogres
  21 orc warriors
  11 centaurs
  4 ice beasts
  2 necrophages
  The ghost of Celandrion the Ruinous, an average DsCj (D:3)
  A crocodile (Lair:1)
  Blork the orc (D:4)
  8 giant frogs
  A big kobold (D:11)
  An eye of draining (D:11)
  7 scorpions
  The ghost of patman the Chopper, a weakling DDFi (D:5)
  A troll zombie (D:11)
  14 wights
  4 electric eels (D:11)
  4 crimson imps
  2 goliath beetles
  11 hounds
  26 orc priests
  2 quasits (D:11)
  8 iguanas
  2 centaur skeletons
  A giant frog skeleton (D:6)
  50 orc wizards
  6 sheep (Lair:1)
  9 worker ants
  Ijyb (D:6)
  Jessica (D:3)
  A hound zombie (D:6)
  2 big kobold skeletons
  2 ogre skeletons
  A hound skeleton (D:7)
  20 adders
  5 gnolls (D:7)
  3 giant mites
  A shadow imp (D:5)
  13 green rats
  3 worms
  A gnoll zombie (D:5)
  An adder zombie (D:6)
  An iguana skeleton (D:4)
  9 giant geckos
  209 orcs
  A ball python (D:3)
  7 bats
  6 giant cockroaches
  31 goblins
  21 hobgoblins
  8 jackals
  21 kobolds
  3 giant newts
  A hobgoblin skeleton (D:9)
  A kobold zombie (D:8)
  An orc zombie (D:10)
  6 quokkas
  14 rats
  A spectral orc (Lair:2)
  2 ballistomycetes (D:9)
  2 butterflies (D:10)
  2 fungi
  2 plants (D:11)
733 creatures vanquished.

Vanquished Creatures (collateral kills)
  An ogre (Orc:4)
1 creature vanquished.

Vanquished Creatures (others)
  An earth elemental (Orc:4)
  A quasit (D:7)
  A gnoll shaman (D:7)
  A worker ant (D:7)
  A gnoll (D:7)
  2 orcs
  A kobold (D:9)
  A giant spore (D:9)
9 creatures vanquished.

Grand Total: 743 creatures vanquished

Notes
Turn   | Place    | Note
--------------------------------------------------------------
     0 | D:1      | Impoz, the High Elf Hunter, began the quest for the Orb.
     0 | D:1      | Reached XP level 1. HP: 13/13 MP: 2/2
   257 | D:1      | Reached XP level 2. HP: 16/18 MP: 3/3
   442 | D:1      | Reached skill level 6 in Bows
   984 | D:2      | Reached XP level 3. HP: 16/23 MP: 5/5
  1056 | D:2      | Reached skill level 7 in Bows
  1272 | D:2      | Reached XP level 4. HP: 28/28 MP: 7/7
  1676 | D:3      | Reached skill level 8 in Bows
  1752 | D:3      | Found an ancient bone altar of Kikubaaqudgha.
  1809 | D:3      | Noticed Celandrion's ghost (average DsCj)
  1828 | D:3      | Killed Celandrion's ghost
  1828 | D:3      | Reached XP level 5. HP: 9/33 MP: 8/8
  1833 | D:3      | Reached skill level 9 in Bows
  2057 | D:3      | Noticed Jessica
  2059 | D:3      | Killed Jessica
  2639 | D:4      | Reached XP level 6. HP: 32/38 MP: 10/10
  2696 | D:4      | Reached skill level 10 in Bows
  2903 | D:4      | Noticed Blork the orc
  2927 | D:4      | Killed Blork the orc
  2997 | D:4      | Reached skill level 11 in Bows
  2997 | D:4      | Reached XP level 7. HP: 22/43 MP: 12/12
  3378 | D:4      | Noticed Liquorice's ghost (experienced MiBe)
  3390 | D:5      | Entered Level 5 of the Dungeon
  3468 | D:5      | Noticed patman's ghost (weakling DDFi)
  3488 | D:5      | Killed patman's ghost
  3620 | D:5      | Found a staircase to the Ecumenical Temple.
  3679 | D:5      | Found a burning altar of Makhleb.
  3684 | D:5      | Found a glowing silver altar of Zin.
  3684 | D:5      | Noticed an angel
  3685 | D:5      | Noticed a balrug
  3714 | Temple   | Entered the Ecumenical Temple
  3789 | Temple   | Became a worshipper of Qazlal Stormbringer
  3867 | D:5      | Reached skill level 12 in Bows
  4329 | D:6      | Reached XP level 8. HP: 48/48 MP: 13/13
  4447 | D:6      | Acquired Qazlal's first power
  4447 | D:6      | Reached skill level 13 in Bows
  4719 | D:6      | Reached skill level 5 in Dodging
  5064 | D:6      | Noticed Prince Ribbit
  5078 | D:6      | Killed Prince Ribbit
  5099 | D:6      | Reached XP level 9. HP: 46/53 MP: 15/15
  5168 | D:6      | Noticed Ijyb
  5188 | D:6      | Killed Ijyb
  5591 | D:6      | Noticed Menkaure
  5594 | D:6      | Killed Menkaure
  5594 | D:6      | Reached skill level 14 in Bows
  6021 | D:7      | Found Chuiff's Assorted Antiques.
  6063 | D:7      | Reached skill level 1 in Invocations
  6064 | D:7      | Noticed Pikel
  6072 | D:7      | Killed Pikel
  6072 | D:7      | Acquired Qazlal's second power
  6252 | D:7      | Reached skill level 1 in Long Blades
  6277 | D:7      | Reached skill level 15 in Bows
  6294 | D:7      | Found an iron altar of Okawaru.
  6497 | D:7      | Found a radiant altar of Vehumet.
  6710 | D:7      | Found a burning altar of Makhleb.
  6778 | D:7      | Reached skill level 5 in Long Blades
  6849 | D:8      | Reached XP level 10. HP: 39/58 MP: 21/21
  6923 | D:8      | Acquired Qazlal's third power
  7036 | D:8      | Reached skill level 5 in Invocations
  7120 | D:8      | Found a sparkling altar of Nemelex Xobeh.
  7911 | D:9      | Reached skill level 5 in Fighting
  8233 | D:9      | Acquired Qazlal's fourth power
  8256 | D:10     | Entered Level 10 of the Dungeon
  8455 | D:10     | Found a staircase to the Orcish Mines.
  8604 | D:10     | Found Salif's General Store.
  8613 | D:10     | Bought a scroll of identify for 20 gold pieces
  9054 | Orc:1    | Entered Level 1 of the Orcish Mines
  9062 | Orc:1    | Acquired Qazlal's fifth power
  9269 | Orc:1    | Reached XP level 11. HP: 51/71 MP: 24/24
  9431 | Orc:1    | Found an iron altar of Okawaru.
  9582 | Orc:2    | Noticed Fannar
  9628 | Orc:2    | Noticed an orc high priest
  9631 | Orc:2    | Noticed an ice devil
  9776 | Orc:1    | Killed Fannar
 10090 | Orc:3    | Noticed Urug
 10104 | Orc:3    | Killed Urug
 10104 | Orc:3    | Reached skill level 10 in Dodging
 10230 | Orc:3    | Found a staircase to the Elven Halls.
 10724 | Orc:4    | Entered Level 4 of the Orcish Mines
 10735 | Orc:4    | Reached skill level 16 in Bows
 11247 | Orc:4    | Reached skill level 17 in Bows
 11257 | Orc:4    | Noticed an ogre mage
 11406 | Orc:4    | Noticed an ogre mage
 11409 | Orc:4    | Killed an ogre mage
 11418 | Orc:3    | Killed an ogre mage
 11749 | Orc:4    | Reached skill level 18 in Bows
 12007 | Orc:4    | Noticed an ogre mage
 12015 | Orc:4    | Killed an ogre mage
 12015 | Orc:4    | Reached XP level 12. HP: 31/77 MP: 25/25
 12248 | Orc:4    | Noticed an ogre mage
 12257 | Orc:4    | Killed an ogre mage
 12626 | Orc:4    | Reached skill level 19 in Bows
 13397 | Orc:4    | Found Nazeq's Jewellery Emporium.
 13398 | Orc:4    | Found Smeihatz's Weapon Shop.
 13398 | Orc:4    | Found Qiamifo's Magic Scroll Boutique.
 13398 | Orc:4    | Found Praanytt's Antique Armour Emporium.
 13405 | Orc:4    | Praanytt's Antique Armour Emporium was a mimic.
 13431 | Orc:4    | Bought 24 arrows for 48 gold pieces
 14935 | Orc:3    | Reached skill level 20 in Bows
 16207 | Orc:2    | Killed an orc high priest
 16353 | Orc:2    | Found Shresyig's Weapon Shop.
 16399 | Orc:2    | Bought 13 arrows for 33 gold pieces
 16494 | Orc:2    | Found a roughly hewn altar of Beogh.
 18527 | D:11     | HP: 4/82 [troll (9)]
 18608 | D:11     | Reached XP level 13. HP: 23/88 MP: 27/27
 18851 | D:11     | Found a staircase to the Lair.
 19250 | D:11     | Noticed Maurice
 19259 | D:11     | Killed Maurice
 19670 | Lair:1   | Entered Level 1 of the Lair of Beasts
 20087 | Lair:1   | Identified a scroll of acquirement
 20088 | Lair:1   | Got a pitted claymore
 20092 | Lair:1   | Identified the +2 claymore "Gheudu" {slice, rC+ Stlth+} (You acquired it on level 1 of the Lair of Beasts)
 20462 | Lair:1   | Learned a level 1 spell: Summon Butterflies
 21251 | Lair:2   | Noticed Nergalle
 21379 | Lair:1   | HP: 3/90 [wolf spider (4)]
 21380 | Lair:1   | HP: 1/90 [poisoned by a wolf spider]
 21381 | Lair:1   | Killed themself with a badly aimed bolt of fire

Action                   |  1- 3 |  4- 6 |  7- 9 | 10-12 | 13-15 || total
-------------------------+-------+-------+-------+-------+-------++-------
Melee: Shortbow          |       |       |       |     3 |       ||     3
       Great sword       |       |       |       |   367 |    25 ||   392
       Claymore          |       |       |       |       |    14 ||    14
 Fire: Shortbow          |   107 |   166 |   413 |  1081 |   227 ||  1994
       Longbow           |       |       |       |       |    18 ||    18
Throw: Tomahawk          |       |     3 |       |    22 |       ||    25
Invok: Disaster Area     |       |       |       |     4 |     2 ||     6
       Elemental Force   |       |       |       |     1 |       ||     1
Evoke: Wand              |       |     6 |     2 |     4 |       ||    12
  Use: Scroll            |       |     3 |     9 |     7 |     5 ||    24
       Potion            |       |     4 |     2 |     7 |     7 ||    20
